 Dungeon Crawl Stone Soup version 0.28.0-49-g6dfe1f597d (webtiles) character file.

Game seed: 6902763757906621326

686 Exodus22XD the Chopper (level 7, -1/61 HPs)
             Began as a Minotaur Fighter on May 20, 2022.
             Was a Priest of the Shining One.
             Killed by divine providence
             ... invoked by an orc priest
              (11 damage)
             ... on level 5 of the Dungeon.
             The game lasted 00:02:38 (1870 turns).

Exodus22XD the Chopper (Minotaur Fighter)           Turns: 1870, Time: 00:02:39

Health: -1/61      AC: 12    Str: 22    XL:     7   Next: 35%
Magic:  8/8        EV:  6    Int:  5    God:    the Shining One [***...]
Gold:   113        SH:  4    Dex: 10    Spells: 6/6 levels left

rFire   . . .      SeeInvis .   a - +0 war axe
rCold   . . .      Faith    .   c - +0 buckler
rNeg    + . .      Spirit   .   n - +0 plate armour
rPois   .          Reflect  .   (helmet restricted)
rElec   .          Harm     .   (no cloak)
rCorr   .          Rampage  .   (no gloves)
Will    .....                   (no boots)
Stlth   ..........              (no amulet)
HPRegen 0.20/turn               (no ring)
MPRegen 0.11/turn               (no ring)

@: glowing
A: horns 2, retaliatory headbutt
a: Renounce Religion, Divine Shield, Cleansing Flame


You were on level 5 of the Dungeon.
You worshipped the Shining One.
The Shining One was most pleased with you.
You visited 1 branch of the dungeon, and saw 4 of its levels.
You also visited: Sewer.

You collected 113 gold pieces.

Inventory:

Hand Weapons
 a - a +0 war axe (weapon)
Armour
 b - a +0 ring mail of cold resistance
 c - a +0 buckler (worn)
 n - a +0 plate armour (worn)
Scrolls
 f - 3 scrolls of teleportation {unknown}
 h - a scroll of identify {unknown}
 i - 2 scrolls of blinking {unknown}
 j - a scroll of vulnerability {unknown}
 l - a scroll of acquirement {unknown}
 p - a scroll of noise {unknown}
Potions
 d - a potion of might
 e - a potion of mutation {unknown}
 g - a potion of haste {unknown}
 k - a potion of lignification {unknown}
 m - a potion of curing {unknown}
 o - a potion of berserk rage


   Skills:
 + Level 5.2 Fighting
 + Level 6.9 Axes
 + Level 5.1 Armour
 + Level 4.5 Shields
 * Level 3.0 Invocations


You had 6 spell levels left.
You didn't know any spells.
Your spell library contained the following spells:

 Spells                   Type           Power      Damage    Failure   Level
 Gell's Gravitas          Tloc           0%         N/A       100%        3
 Lesser Beckoning         Tloc           0%         N/A       100%        3
 Teleport Other           Tloc           0%         N/A       100%        3


Dungeon Overview and Level Annotations

Branches:
Dungeon (3/15)              Sewer (visited)

Altars:
The Shining One

Shops:
D:1 (

Annotations:
D:3 1 runed translucent door, Robocop's ghost, amateur HOFi


Innate Abilities, Weirdness & Mutations

You have a pair of horns on your head.
You reflexively headbutt those who attack you in melee.


Message History

You can now channel blasts of cleansing flame.
You hit the orc. You headbutt the orc.
The orc is almost dead.
The orc hits you with a +0 falchion.
You barely miss the orc. Your headbutt misses the orc.
The orc is almost dead.
The orc hits you but does no damage.
The orc priest calls down the wrath of Beogh upon you.
Beogh smites you! The orc hits you but does no damage.
You slash the orc!
You kill the orc!
You slash the orc priest!
The orc priest is heavily wounded.
The orc priest hits you but does no damage.
You barely miss the orc priest.
The orc priest is heavily wounded.
You block the orc priest's attack.
The orc priest calls upon Beogh to heal the orc priest.
The orc priest is healed somewhat.
You hear a shout!
You hit the orc priest.
The orc priest is moderately wounded.
The orc priest invokes the aid of Beogh against you.
Pain shoots through your body!
You hit the orc priest.
The orc priest is heavily wounded.
The orc priest hits you but does no damage.
An orc comes into view. It is wielding a +0 hand axe.
You block the orc priest's attack.
You hit the orc priest. You headbutt the orc priest!
You kill the orc priest!
The Shining One accepts your kill.
The orc priest calls down the wrath of Beogh upon you.
Beogh smites you!
* * * LOW HITPOINT WARNING * * *
You slash the orc priest!
The orc priest is severely wounded.
The orc priest mumbles some strange prayers to Beogh against you.
Beogh smites you!
You die...

############
#...........
#.########## #.#
#.# #.#
.########.#####...
.......@oo........
.########.#####...
##########.#
#....$....o###
.##..†......#
#...o.....#
..........o.....
..##.........### .
#.........#


You could see an orc priest and an orc.

Vanquished Creatures
  Grinder (D:3)
  2 water moccasins
  A scorpion (D:3)
  A centaur zombie (D:3)
  An orc priest (D:5)
  An iguana (D:5)
  4 adders
  2 ufetubi (D:5)
  3 worms
  An orc (D:5)
  2 endoplasms (D:2)
  10 giant cockroaches
  9 goblins
  13 hobgoblins
  3 jackals (D:1)
  7 kobolds
  2 quokkas
  4 ball pythons
  7 bats
  5 frilled lizards
  6 rats
85 creatures vanquished.

Notes
Turn   | Place    | Note
-------+----------+-------------------------------------------
     0 | D:1      | Exodus22XD the Minotaur Fighter began the quest for the
                  | Orb.
     0 | D:1      | Reached XP level 1. HP: 19/19 MP: 0/0
   138 | D:1      | Found a faded altar of an unknown god.
   149 | D:1      | Prayed at the altar of an unknown god.
   149 | D:1      | Became a worshipper of the Shining One
   149 | D:1      | Reached * piety under the Shining One
   183 | D:1      | Reached XP level 2. HP: 27/27 MP: 1/1
   425 | D:1      | Found Ymaunoge's Weapon Shoppe.
   677 | D:2      | Reached XP level 3. HP: 31/33 MP: 2/2
   727 | D:2      | Reached skill level 3 in Axes
   906 | D:2      | Reached ** piety under the Shining One
   916 | D:2      | Reached skill level 1 in Invocations
   918 | D:2      | Reached XP level 4. HP: 36/41 MP: 3/3
  1322 | D:3      | Noticed Grinder
  1329 | D:3      | Reached skill level 4 in Axes
  1334 | D:3      | Killed Grinder
  1335 | D:3      | Reached skill level 5 in Axes
  1335 | D:3      | Reached XP level 5. HP: 47/47 MP: 5/5
  1335 | D:3      | Reached XP level 6. HP: 55/55 MP: 6/6
  1508 | D:3      | Found a glowing drain.
  1512 | Sewer    | Entered a sewer
  1536 | Sewer    | Noticed a water moccasin
  1539 | Sewer    | Killed a water moccasin
  1540 | Sewer    | Reached skill level 5 in Fighting
  1540 | Sewer    | Reached skill level 6 in Axes
  1597 | D:3      | Found a runed translucent door.
  1604 | D:3      | Noticed Robocop's ghost (amateur HOFi)
  1830 | D:3      | You fall into a shaft and drop 2 floors!
  1830 | D:5      | Entered Level 5 of the Dungeon
  1844 | D:5      | Noticed a water moccasin
  1848 | D:5      | Reached XP level 7. HP: 59/61 MP: 8/8
  1860 | D:5      | Reached skill level 5 in Armour
  1861 | D:5      | Reached *** piety under the Shining One
  1870 | D:5      | Killed from afar by an orc priest

Illustrated notes

Levels and vault maps discovered:
D:1:      amcnicky_arrival_underground_garden, layout_basic, serial_shops, shop,
          basic_ecumenical_altar
D:2:      layout_basic, minmay_pentomino_u4
D:3:      layout_basic, gup_sewer_entry_bowl, ebering_ghost_sewer_d,
          uniq_grinder
D:5:      layout_basic, overflow_temple_1_default, minmay_temple_entry_tees

Skill      XL: |  1  2  3  4  5  6  7 |
---------------+----------------------+-----
Fighting       | 4 5 |  5.2
Shields        | 4 |  4.5
Axes           | 3 5 6 |  6.9
Armour         | 4 5 |  5.1
Invocations    | 1 2 3 |  3.0

Action                   |  1- 3 |  4- 6 |  7- 9 || total
-------------------------+-------+-------+-------++-------
Melee: War axe           |    60 |    58 |    17 ||   135
       Headbutt          |    12 |    11 |     3 ||    26
  Use: Potion            |       |     1 |       ||     1
Armor: Scale mail        |    31 |     5 |       ||    36
       Plate armour      |       |    38 |    14 ||    52
Dodge: Dodged            |    24 |    13 |     4 ||    41
Block: Buckler           |     8 |    15 |     3 ||    26
